 Dungeon Sprint DCSS version 0.26-a0-958-gf3041fb45f (webtiles) character file.

Game seed: 5991023279343115919

35 iamoutofideas the Magician (level 3, -1/28 HPs)
             Began as a Deep Elf Fire Elementalist on Dec 1, 2020.
             Slain by a human (4 damage)
             ... in the Dungeon (Sprint III: "The Ten Rune Challenge").
             The game lasted 00:00:46 (403 turns).

iamoutofideas the Magician (DEFE)                    Turns: 403, Time: 00:00:46

Health: -1/28      AC:  2    Str:  5    XL:     3   Next: 17%
Magic:  9/12       EV: 13    Int: 20    God:
Gold:   0          SH:  0    Dex: 15    Spells: 9/13 levels left

rFire    . . .     SeeInvis .   (no weapon)
rCold    . . .     Faith    .   (no shield)
rNeg     . . .     Spirit   .   a - +0 robe
rPois    .         Reflect  .   (no helmet)
rElec    .         Harm     .   (no cloak)
rCorr    .         Rampage  .   (no gloves)
MR       .....     NoTele   +   (no boots)
Stlth    ..........             (no amulet)
HPRegen  0.09/turn              (no ring)
MPRegen  0.13/turn              (no ring)

@: berserking (expiring), very quick
A: no striking features
a: no special abilities


You were in the Dungeon.
You visited 1 branch

Inventory:

Armour
 a - a +0 robe (worn)
Scrolls
 b - a scroll of remove curse {unknown}
 h - a scroll of blinking
Potions
 c - a potion of curing
 d - 2 potions of heal wounds
 e - a potion of haste
 f - 2 potions of magic


   Skills:
 + Level 3.2 Dodging
 + Level 3.1 Stealth
 + Level 0.1 Unarmed Combat
 + Level 5.5 Spellcasting
 + Level 2.7 Conjurations
 + Level 5.4 Fire Magic


You had 9 spell levels left.
You knew the following spells:

 Your Spells              Type           Power        Failure   Level
a - Foxfire               Conj/Fire      ###.         1%          1
b - Conjure Flame         Conj/Fire      ###.....     6%          3

Your spell library contained the following spells:

 Spells                   Type           Power        Failure   Level
 Inner Flame              Hex/Fire       ###.....     11%         3
 Sticky Flame             Conj/Fire      ###.....     21%         4
 Fireball                 Conj/Fire      ###.......   50%         5


Dungeon Overview and Level Annotations

Branches:
Dungeon (1/1)

Altars:


Message History

You hit the human.
The human is severely wounded.
The human closely misses you.
You hit the human.
The human is severely wounded.
You closely miss the human.
The human is severely wounded.
The human closely misses you.
You punch the human!
The human is almost dead.
The human barely misses you.
You closely miss the human.
The human is almost dead.
You barely miss the human.
The human is almost dead.
The human barely misses you.
You barely miss the human.
The human is almost dead.
The human hits you.
You die...

▓...#..v...##
▓..##...§...# .#
▓##.##.##...# .#
##.##.###..# ..#
▓#.####.##..# ...+
▓.###..##.)##
#...# ▓#.....##..#
#....#
###..##...##.....#
##..##...@#......#
#..###..##p#v....#
#..# #..#####....#
▓▓▓▓ ▓▓▓▓ ▓▓▓▓▓


You could see a human.

Vanquished Creatures
  Jessica (D)
  2 oozes (D)
  A rat (D)
4 creatures vanquished.

Vanquished Creatures (others)
  20 foxfires (D)
  A plant (D)
21 creatures vanquished.

Grand Total: 25 creatures vanquished

Notes
Turn   | Place    | Note
-------+----------+-------------------------------------------
     0 | D        | iamoutofideas the Deep Elf Fire Elementalist began the
                  | quest for the Orb.
     0 | D        | Reached XP level 1. HP: 10/10 MP: 6/6
   149 | D        | Reached XP level 2. HP: 8/15 MP: 4/9
   312 | D        | Noticed Jessica
   317 | D        | Killed Jessica
   318 | D        | Reached skill level 5 in Spellcasting
   318 | D        | Reached skill level 5 in Fire Magic
   318 | D        | Reached XP level 3. HP: 18/19 MP: 4/12
   381 | D        | Learned a level 3 spell: Conjure Flame
   403 | D        | Slain by a human

Illustrated notes

Levels and vault maps discovered:
D:        dungeon_sprint_mu [sprint_mu_entry_cave, sprint_mu_temple_rooms,
          sprint_mu_d1_spiders, sprint_mu_d2_genie, sprint_mu_d3_branching,
          sprint_mu_orc_legion, sprint_mu_elf_gauntlet, sprint_mu_hive_nellie,
          sprint_mu_lair_fedhas, sprint_mu_vaults_butterflies,
          sprint_mu_slime_circle, sprint_mu_swamp_cave, sprint_mu_snake_twists,
          sprint_mu_blade_basic, sprint_mu_crypt_lich, sprint_mu_tomb_spiral,
          sprint_mu_vestibule_basic, sprint_mu_gehenna_hellfire,
          sprint_mu_dis_giant, sprint_mu_tartarus_statrot,
          sprint_mu_cocytus_islands, sprint_mu_zot1]

Skill      XL: |  1  2 |
---------------+-------+-----
Spellcasting   | 4 5 |  5.5
Fire Magic     | 4 5 |  5.4
Conjurations   | 2 |  2.7
Dodging        | 3 |  3.2
Stealth        | 3 |  3.1
Unarmed Combat | |  0.1

Action                   || total
-------------------------++-------
Melee: Unarmed           ||    15
 Cast: Foxfire           ||    18
  Use: Potion            ||     1
Dodge: Dodged            ||    16

Table legend: (Time is in decaauts)
 A = Elapsed time spent in this place.
 B = Non-inter-level travel time spent in this place.
 C = Inter-level travel time spent in this place.
 D = Time resting spent in this place.
 E = Time spent auto-exploring this place.
 F = Levels seen in this place.
 G = Mean time per level.
                   A        B        C        D        E       F      G
               +--------+--------+--------+--------+--------+-----+--------+
         Total |    399 |    390 |      9 |    293 |      6 |   1 |  399.0 |
       Dungeon |    399 |    390 |      9 |    293 |      6 |   1 |  399.0 |
               +--------+--------+--------+--------+--------+-----+--------+

Top non-repeatable levels by time:
       D: 399 daAuts
